 Dungeon Crawl Stone Soup version 0.20-a0-772-g73021bd (webtiles) character file.

588 Laan the Cleaver (level 7, -1/52 HPs)
             Began as a Formicid Fighter on Feb 27, 2017.
             Killed from afar by a white imp (6 damage)
             ... with a puff of frost
             ... summoned by Eustachio
             ... on level 4 of the Dungeon.
             The game lasted 00:05:50 (2891 turns).

Laan the Cleaver (Formicid Fighter)                 Turns: 2891, Time: 00:05:51

Health: -1/52      AC:  9    Str: 22    XL:     7   Next: 65%
Magic:  7/7        EV:  6    Int:  8    God:
Gold:   148        SH:  9    Dex: 10    Spells: 6/6 levels left

rFire    . . .     SeeInvis +   a - +0 war axe
rCold    . . .     Gourm    .   q - +0 chain mail
rNeg     . . .     Faith    .   c - +0 shield
rPois    .         Spirit   .   (helmet unavailable)
rElec    .         Reflect  .   (no cloak)
rCorr    .         Harm     .   (no gloves)
MR       .....                  (no boots)
Stlth    ..........             (no amulet)
Regen    0.2/turn               (no ring)
MPRegen  0.1/turn               (no ring)

@: no status effects
A: permanent stasis, dig shafts and tunnels, four strong arms, antennae 3
a: Dig, Shaft Self


You were on level 4 of the Dungeon.
You were not hungry.

You visited 1 branch of the dungeon, and saw 4 of its levels.

You collected 148 gold pieces.

Inventory:

Hand Weapons
 a - a +0 war axe (weapon)
Armour
 c - a +0 shield (worn)
 q - a +0 chain mail (worn)
Scrolls
 b - a scroll of remove curse
 e - 4 scrolls of amnesia {unknown}
 k - 5 scrolls of identify {unknown}
 m - a scroll of magic mapping {unknown}
 o - a scroll of enchant armour {unknown}
 p - a scroll of fog {unknown}
 r - a scroll of teleportation {unknown}
 s - a scroll of enchant weapon {unknown}
Potions
 d - 2 potions of might
 j - a potion of heal wounds {unknown}
 t - a potion of invisibility {unknown}
 u - a potion of brilliance {unknown}
 w - a potion of haste {unknown}
Comestibles
 f - 2 bread rations
 g - a meat ration
 h - a chunk of flesh
 n - 2 royal jellies
 v - 4 fruits


   Skills:
 - Level 3.2 Fighting
 + Level 8.0 Axes
 - Level 3.2 Armour
 - Level 3.6 Shields


You had 6 spell levels left.
You didn't know any spells.

Dungeon Overview and Level Annotations

Branches:
Dungeon (3/15)

Altars:
Ashenzari

Annotations:
D:4 Eustachio


Innate Abilities, Weirdness & Mutations

You cannot be hasted, slowed, berserked, paralysed or teleported.
You can dig through walls and to a lower floor.
Your four strong arms can wield two-handed weapons with a shield.
You have a pair of large antennae on your head. (SInv)


Message History

Eustachio is lightly wounded.
You closely miss the river rat.
Eustachio mumbles some strange words.
Eustachio blinks!
You block the river rat's attack. The iron imp hits you.
The iron imp hits you but does no damage.
The white imp gestures at you. The puff of frost hits you!
Eustachio gestures wildly while chanting.
Eustachio blinks!
As you read the scroll labeled JAIGEL PUYLU, it crumbles to dust.
You feel blessed for a moment.
It was a scroll of remove curse.
The river rat bites you but does no damage.
The iron imp hits you!
* * * LOW HITPOINT WARNING * * *
The iron imp hits you.
* * * LOW HITPOINT WARNING * * *
The white imp gestures at you. The puff of frost hits you!
You die...

.# #.# #.###
##.#.#####
##........##
##.?.........
#...#........
##..#r55......
##..##5@.......
##..###.........
.# ##..##
#...ยง..... .#
##.).#
##........ .#
##...##
#........ .#
##...##
#........ .#
##...##
##.......
.###....#
...##..
.##....##


You could see 2 iron imps, a river rat and a white imp.

Vanquished Creatures
  Sigmund (D:4)
  3 orc priests
  4 orc wizards
  An iguana (D:4)
  A worker ant (D:4)
  Robin (D:4)
  5 adders
  An ooze (D:4)
  5 worms
  4 dart slugs (D:1)
  3 leopard geckos
  13 orcs
  10 bats
  2 giant cockroaches
  20 goblins
  12 hobgoblins
  4 jackals (D:4)
  A ball python (D:2)
  2 frilled lizards
  11 kobolds
  6 rats
110 creatures vanquished.

Notes
Turn   | Place    | Note
-------+----------+-------------------------------------------
     0 | D:1      | Laan the Formicid Fighter began the quest for the Orb.
     0 | D:1      | Reached XP level 1. HP: 18/18 MP: 1/1
   269 | D:1      | Reached XP level 2. HP: 24/24 MP: 2/2
   352 | D:1      | Reached skill level 3 in Axes
   412 | D:1      | Reached XP level 3. HP: 27/29 MP: 3/3
   890 | D:2      | Found a shattered altar of Ashenzari.
   931 | D:2      | Reached XP level 4. HP: 29/35 MP: 4/4
   954 | D:2      | Reached skill level 4 in Axes
  1615 | D:3      | Reached XP level 5. HP: 39/41 MP: 5/5
  1658 | D:3      | Reached skill level 5 in Axes
  1918 | D:3      | Reached XP level 6. HP: 47/47 MP: 6/6
  1923 | D:3      | Reached skill level 6 in Axes
  1964 | D:3      | You fall through a shaft!
  1964 | D:4      | Noticed Robin
  1996 | D:4      | Killed Robin
  2406 | D:4      | Reached skill level 7 in Axes
  2406 | D:4      | Reached XP level 7. HP: 23/52 MP: 7/7
  2585 | D:4      | Noticed Sigmund
  2596 | D:4      | Killed Sigmund
  2664 | D:4      | Reached skill level 8 in Axes
  2875 | D:4      | Noticed Eustachio
  2891 | D:4      | Killed from afar by a white imp

Vault maps used:
D:1:      dpeg_arrival_castle
D:2:      evilmike_ruin_ashenzari
D:4:      cheibrodos_greedy_goblins, overflow_temple_1_default, uniq_sigmund,
          uniq_robin, uniq_eustachio

Skill      XL: |  1  2  3  4  5  6  7 |
---------------+----------------------+-----
Axes           | 3 4 5 7 8 |  8.0
Fighting       | |  3.2
Armour         | |  3.2
Shields        | |  3.6

Action                   |  1- 3 |  4- 6 |  7- 9 || total
-------------------------+-------+-------+-------++-------
Melee: War axe           |    76 |   219 |    38 ||   333
  Use: Potion            |       |     1 |     2 ||     3
       Scroll            |       |       |     1 ||     1
  Eat: Chunk             |       |     5 |     2 ||     7
Armor: Scale mail        |    40 |       |       ||    40
       Chain mail        |     6 |   138 |    11 ||   155
       Skin              |       |       |     8 ||     8
Dodge: Dodged            |    27 |    55 |     9 ||    91
Block: Shield            |    41 |   151 |    21 ||   213
